 Dungeon Crawl Stone Soup version 0.32-a0-818-gb728d02 (webtiles) character file.

Game seed: 17469121421327921324

1100 Dorkslayer the Chopper (level 8, -1/54 HPs)
             Began as an Octopode Fighter on Mar 23, 2024.
             Slain by an ice beast (7 damage)
             ... on level 5 of the Dungeon.
             The game lasted 00:10:16 (3847 turns).

Dorkslayer the Chopper (Octopode Fighter)           Turns: 3847, Time: 00:10:16

Health: -1/54      AC:  1    Str: 18      XL:     8   Next: 32%
Magic:  8/8        EV: 12    Int: 10      God:
Gold:   183        SH:  9    Dex: 10 (11) Spells: 7/7 levels left

rFire   . . .        a - +1 war axe
rCold   . . .        b - +0 buckler
rNeg    . . .        (helmet restricted)
rPois   .            e - amulet of reflection
rElec   .            (no ring)
rCorr   .            (no ring)
SInv    .            (no ring)
Will    .....        (no ring)
Stlth   ++++         (no ring)
HPRegen 0.29/turn    (no ring)
MPRegen 0.11/turn    (no ring)
                     (no ring)

%: reflection
@: no status effects
A: almost no armour, amphibious, 8 rings, camouflage 1, gelatinous body 1,
(nimble swimmer 1), tentacles
a: no special abilities


You were on level 5 of the Dungeon.
You visited 2 branches of the dungeon, and saw 6 of its levels.
You also visited: Sewer.

You collected 183 gold pieces.

Inventory:

Hand Weapons
 a - a +1 war axe (weapon)
 c - a +0 war axe
Missiles
 f - 2 atropa-tipped darts (quivered)
 h - 8 javelins
Armour
 b - a +0 buckler (worn)
Jewellery
 e - an amulet of reflection (around mantle)
 k - a ring of fire
 m - a ring of ice
Talismans
 g - a storm talisman
 i - a flux talisman
Wands
 n - a wand of paralysis (11)
Scrolls
 j - a scroll of fog
 o - a scroll of fear {unknown}
 r - a scroll of butterflies {unknown}
Potions
 d - a potion of curing
 l - 2 potions of lignification {unknown}
 p - 2 potions of brilliance
 q - 3 potions of invisibility
 t - a potion of resistance {unknown}


   Skills:
 + Level 4.3 Fighting
 + Level 5.5 Axes
 + Level 0.9 Throwing
 + Level 4.5 Dodging
 + Level 4.9 Stealth
 + Level 4.5 Shields
 * Level 3.2 Shapeshifting


You had 7 spell levels left.
You didn't know any spells.
Your spell library contained the following spells:

 Spells                   Type           Power      Damage    Failure   Level
 Fugue of the Fallen      Necr           0%         N/A       80%         3
 Ozocubu's Armour         Ice            0%         N/A       80%         3
 Manifold Assault         Tloc           0%         N/A       99%         4
 Malign Gateway           Summ/Tloc      0%         N/A       100%        7
 Summon Horrible Things   Summ           0%         N/A       100%        8


Dungeon Overview and Level Annotations

Branches:
Dungeon (5/15)             Temple (1/1) D:4           Sewer (visited)

Altars:
Ashenzari
Dithmenos
Elyvilon
Fedhas
Gozag
Makhleb
Nemelex Xobeh
Ru
Sif Muna
Vehumet
Wu Jian
Xom
Yredelemnul
Zin


Innate Abilities, Weirdness & Mutations

You cannot wear most types of armour.
You are amphibious.
You can wear up to eight rings at the same time.
Your skin changes colour to match your surroundings (Stealth+).
Your rubbery body absorbs attacks. (AC +1, EV +1)
((You are camouflaged when in or above water. (Stealth+)))
You have tentacles for arms and can constrict up to eight enemies at once.


Message History

You enter the shallow water.
You now have 183 gold pieces (gained 10).
There is an open door here.
An ice beast comes into view.
The ice beast closely misses you.
You barely miss the ice beast. The ice beast hits you.
The ice beast freezes you! You block the ice beast's attack.
You barely miss the ice beast. Your squeeze misses the ice beast.
The ice beast hits you. The ice beast freezes you.
You slash the ice beast!
The ice beast is heavily wounded.
The ice beast barely misses you.
You hit the ice beast but do no damage.
The ice beast is heavily wounded.
You block the ice beast's attack.
You barely miss the ice beast. You squeeze the ice beast.
The ice beast is severely wounded.
The ice beast closely misses you. The ice beast hits you.
The ice beast freezes you!
You slash the ice beast!
The ice beast is almost dead.
The ice beast barely misses you.
You barely miss the ice beast.
The ice beast is almost dead.
The ice beast barely misses you.
You hit the ice beast but do no damage.
The ice beast is almost dead.
The ice beast hits you.
* * * LOW HITPOINT WARNING * * *
The ice beast freezes you.
* * * LOW HITPOINT WARNING * * *
You hit the ice beast but do no damage.
The ice beast is almost dead.
The ice beast misses you. The ice beast closely misses you.
You closely miss the ice beast. You squeeze the ice beast.
The ice beast is almost dead.
The ice beast hits you.
* * * LOW HITPOINT WARNING * * *
The ice beast freezes you!
You die...

....................#
....................#
....................#
..#'#######'#########
..#................#
..'................#
..#................#
..######...###.....#
..# #...# #..@..# ..#
..........Y..# ..#
..............# ..#
..............# ..#
...........# ..#
...........# ..#
...........# ..#
..#####...# ..#


You could see an ice beast.

Vanquished Creatures
  Grinder (Sewer)
  A water moccasin (D:4)
  A phantom (D:5)
  A kobold brigand (Sewer)
  A scorpion (D:3)
  2 bombardier beetles
  2 quasits (Sewer)
  2 jellies (D:4)
  2 hounds
  Ijyb (D:5)
  2 iguanas
  An orc wizard (D:3)
  4 gnolls (D:2)
  4 adders
  2 shadow imps
  2 ufetubi (Sewer)
  3 dart slugs
  3 ribbon worms
  8 orcs
  9 ball pythons
  7 endoplasms
  7 giant cockroaches
  6 goblins
  8 hobgoblins
  5 jackals
  22 kobolds
  4 quokkas
  5 bats
  4 frilled lizards
  4 rats
124 creatures vanquished.

Vanquished Creatures (others)
  A kobold (Sewer)
1 creature vanquished.

Grand Total: 125 creatures vanquished

Notes
Turn   | Place    | Note
-------+----------+-------------------------------------------
     0 | D:1      | Dorkslayer the Octopode Fighter began the quest for the
                  | Orb.
     0 | D:1      | Reached XP level 1. HP: 16/16 MP: 1/1
   102 | D:1      | Reached XP level 2. HP: 21/21 MP: 2/2
   734 | D:2      | Reached skill level 1 in Stealth
   734 | D:2      | Reached XP level 3. HP: 21/26 MP: 3/3
   837 | D:2      | Reached XP level 4. HP: 31/31 MP: 4/4
  1187 | D:2      | Found a faded altar of an unknown god.
  1370 | D:3      | Reached skill level 3 in Axes
  1387 | D:3      | Reached XP level 5. HP: 21/36 MP: 5/5
  1470 | D:3      | Found a broken altar of Ashenzari.
  1600 | D:3      | Reached skill level 1 in Shapeshifting
  1710 | D:3      | Reached XP level 6. HP: 42/42 MP: 6/6
  1911 | D:3      | Found an opulent altar of Gozag.
  2178 | D:4      | Reached skill level 4 in Axes
  2493 | D:4      | Noticed a water moccasin
  2511 | D:4      | Killed a water moccasin
  2512 | D:4      | Reached XP level 7. HP: 43/47 MP: 7/7
  2545 | D:4      | Found a shadowy altar of Dithmenos.
  2616 | D:4      | Found a staircase to the Ecumenical Temple.
  2621 | Temple   | Entered the Ecumenical Temple
  2868 | D:4      | Found a shimmering altar of Xom.
  2966 | D:5      | Entered Level 5 of the Dungeon
  3054 | D:5      | Found a radiant altar of Vehumet.
  3071 | D:5      | Noticed Ijyb
  3083 | D:5      | Killed Ijyb
  3139 | D:5      | Reached skill level 5 in Axes
  3158 | D:5      | Found a glowing drain.
  3165 | Sewer    | Entered a sewer
  3346 | Sewer    | Found a burning altar of Makhleb.
  3415 | Sewer    | Reached XP level 8. HP: 33/54 MP: 8/8
  3487 | Sewer    | Noticed Grinder
  3505 | Sewer    | Killed Grinder
  3847 | D:5      | Slain by an ice beast

Illustrated notes

Levels and vault maps discovered:
D:1:      wheals_arrival_linesprint, layout_loops_ring
D:2:      layout_basic, shapermc_ecumenical_altar_hornbeckon
D:3:      layout_loops_ring, ashenzari_altar_1, grunt_gozag_breadcrumbs,
          minmay_ruptured
D:4:      layout_loops_ring, grunt_dithmenos_smoke_and_mirrors,
          overflow_temple_1_default, temple_doors_e
D:5:      layout_gridville, mainiacjoe_overflow_brackets,
          cheibrodos_sewer_entry_bend, uniq_ijyb
Temple:   nicolae_temple_ecumenical_triangle

Skill      XL: |  1  2  3  4  5  6  7  8 |
---------------+-------------------------+-----
Stealth        | 1 2 3 4 |  4.9
Axes           | 3 4 5 |  5.5
Shapeshifting  | 1 2 3 |  3.2
Dodging        | 4 |  4.5
Shields        | 4 |  4.5
Fighting       | 4 |  4.3
Throwing       | |  0.9

Action                     |  1- 3 |  4- 6 |  7- 9 || total
---------------------------+-------+-------+-------++-------
  Melee: War axe           |    36 |   101 |    98 ||   235
         Constrict         |    12 |    26 |    17 ||    55
         Tentacles         |     2 |    17 |    22 ||    41
  Throw: Dart              |     2 |     5 |     6 ||    13
    Use: Potion            |     1 |     2 |       ||     3
         Scroll            |       |     4 |     3 ||     7
   Stab: Sleeping          |     5 |     9 |     7 ||    21
 Armour: Skin              |    13 |    40 |    53 ||   106
  Dodge: Dodged            |    19 |    37 |    58 ||   114
  Block: Buckler           |    14 |    45 |    48 ||   107
         Reflection        |       |     3 |     4 ||     7

Table legend: (Time is in decaauts)
 A = Elapsed time spent in this place.
 B = Non-inter-level travel time spent in this place.
 C = Inter-level travel time spent in this place.
 D = Time resting spent in this place.
 E = Time spent auto-exploring this place.
 F = Levels seen in this place.
 G = Mean time per level.
                   A        B        C        D        E       F      G
               +--------+--------+--------+--------+--------+-----+--------+
         Total |   3925 |   3925 |      0 |    155 |   2032 |   7 |  560.7 |
       Dungeon |   3277 |   3277 |      0 |      0 |   1859 |   5 |  655.4 |
        Temple |     17 |     17 |      0 |      0 |      0 |   1 |   17.0 |
         Sewer |    630 |    630 |      0 |    155 |    173 |   1 |  630.0 |
               +--------+--------+--------+--------+--------+-----+--------+

Top non-repeatable levels by time:
     D:4: 849 daAuts
     D:3: 788 daAuts
     D:1: 731 daAuts
     D:2: 638 daAuts
   Sewer: 630 daAuts
     D:5: 270 daAuts
  Temple: 17 daAuts
